 Dungeon Crawl Stone Soup version 0.31.0-11-ge490571c62 (webtiles) character file.

Game seed: 8427343350540063015

132 qw the Ducker (level 4, -1/23 HPs)
             Began as a Spriggan Hunter on Feb 4, 2024.
             Incinerated by a bombardier beetle (5 damage)
             ... with a burning spray
             ... on level 3 of the Dungeon.
             The game lasted 00:00:06 (1546 turns).

qw the Ducker (Spriggan Hunter)                     Turns: 1546, Time: 00:00:06

Health: -1/23      AC:  3    Str:  7    XL:     4   Next: 92%
Magic:  5/5        EV: 20    Int: 10    God:
Gold:   76         SH:  0    Dex: 20    Spells: 3/3 levels left

rFire   . . .        a - +0 shortbow
rCold   . . .        (shield currently unavailable)
rNeg    . . .        c - +0 robe
rPois   .            (helmet restricted)
rElec   .            d - +0 cloak
rCorr   .            (gloves unavailable)
SInv    +            (boots unavailable)
Will    +....        (no amulet)
Stlth   +            (no ring)
HPRegen 0.23/turn    (no ring)
MPRegen 0.09/turn

%: no passive effects
@: mighty, on fire, on berserk cooldown, enlightened, flying, slowed, glowing,
quick
A: very small, no large weapons, unfitting armour, see invisible, speed 3
a: no special abilities


You were on level 3 of the Dungeon.
You visited 1 branch of the dungeon, and saw 3 of its levels.

You collected 76 gold pieces.


Innate Abilities, Weirdness & Mutations

You are very small and have problems with some larger weapons.
You are too small for most types of armour.
You have supernaturally acute eyesight. (SInv)
You cover ground extremely quickly. (Speed+++)


   Skills:
 + Level 1.7 Fighting
 - Level 5.1 Ranged Weapons
 - Level 5.3 Dodging
 - Level 1.5 Stealth


You had 3 spell levels left.
You didn't know any spells.
Your spell library was empty.

Inventory:

Hand Weapons
 a - a +0 shortbow (weapon)
Armour
 c - a +0 robe (worn)
 d - a +0 cloak (worn)
Potions
 e - 2 potions of mutation
 k - a potion of haste {unknown}
 m - a potion of attraction {unknown}

Dungeon Overview and Level Annotations

Branches:
Dungeon (3/15)

Altars:

Shops:
D:1 [   D:2 [


Message History

The orc misses you.
You shoot an arrow. The arrow barely misses the orc.
The arrow hits the orc.
You kill the orc!
The orc hits you with a +0 hand axe. The orc misses you.
You shoot an arrow. The arrow hits the orc.
The orc is lightly wounded.
You flicker for a moment.
The orc completely misses you.
You shoot an arrow. The arrow hits the orc!
You kill the orc!
The hobgoblin completely misses you.
You shoot an arrow. The arrow barely misses the hobgoblin.
The arrow hits the bombardier beetle but does no damage.
The hobgoblin closely misses you. The hobgoblin completely misses you.
You shoot an arrow. The arrow hits the hobgoblin!
You kill the hobgoblin!
You flicker back into view.
You shoot an arrow.
The arrow hits the bombardier beetle but does no damage.
The bombardier beetle sprays incendiary fluid at you.
The burning spray misses you.
You shoot an arrow. The arrow hits the bombardier beetle.
The bombardier beetle is lightly wounded.
The bombardier beetle completely misses you.
The bombardier beetle sprays incendiary fluid at you.
The burning spray hits you.
You are covered in liquid fire!
You shoot an arrow.
The arrow hits the bombardier beetle but does no damage.
The bombardier beetle is lightly wounded.
The liquid fire burns you!
The bombardier beetle barely misses you.
You shoot an arrow. The arrow hits the bombardier beetle!
The bombardier beetle is severely wounded.
The liquid fire burns you! The bombardier beetle bites you.
You shoot an arrow. The arrow hits the bombardier beetle.
You kill the bombardier beetle!
The liquid fire burns you!
You die...

...... #<#
.......####.#
#).....>..).####.#.
##...##.##..........
.......<....####.#.
#...#......#####.#
#.)............>.#.
#)##..............
#@##......########
#.###.###.#
#.........#
#####.#####
.....[..# #########


There were no monsters in sight!

Vanquished Creatures
  A bombardier beetle (D:3)
  Natasha (D:2)
  An orc wizard (D:3)
  2 adders (D:2)
  2 dart slugs (D:2)
  5 orcs (D:3)
  2 bats (D:2)
  3 endoplasms
  A giant cockroach (D:1)
  6 goblins
  4 hobgoblins
  4 jackals (D:2)
  5 kobolds
  3 quokkas
  7 ball pythons
  A frilled lizard (D:1)
  7 rats
55 creatures vanquished.

Notes
Turn   | Place    | Note
-------+----------+-------------------------------------------
     0 | D:1      | qw the Spriggan Hunter began the quest for the Orb.
     0 | D:1      | Reached XP level 1. HP: 10/10 MP: 2/2
     0 | D:1      | 0 ||| qw: Version: 0.3-a-160-g6735b56
     0 | D:1      | 0 ||| qw: Game counter: 4676
     0 | D:1      | 0 ||| qw: Melee chars always use a shield: true
     0 | D:1      | 0 ||| qw: God list: Okawaru
     0 | D:1      | 0 ||| qw: Allow faded altars: false
     0 | D:1      | 0 ||| qw: Do Orc after clearing Dungeon:15 true
     0 | D:1      | 0 ||| qw: Do second Lair branch before Depths: true
     0 | D:1      | 0 ||| qw: Lair rune preference: random
     0 | D:1      | 0 ||| qw: Goals: Normal
     0 | D:1      | 0 ||| PLANNING D:1-11
    58 | D:1      | Reached skill level 3 in Dodging
    98 | D:1      | Found Fitazi's Armour Emporium.
   118 | D:1      | Reached XP level 2. HP: 14/14 MP: 3/3
   118 | D:1      | 118 ||| UPGRADING to +0 cloak.
   352 | D:1      | 352 ||| READING scroll labelled MORHUSY OMEPP.
   353 | D:1      | 353 ||| READING scroll labelled REOFFU PEYBREO.
   353 | D:1      | 353 ||| IDENTIFYING viscous pink potion
   354 | D:1      | 354 ||| DROPPING scroll of butterflies.
   608 | D:2      | Reached XP level 3. HP: 18/18 MP: 4/4
   789 | D:2      | HP: 4/18 [poisoned by an adder]
   858 | D:2      | Noticed Natasha
   864 | D:2      | Killed Natasha
   865 | D:2      | Reached XP level 4. HP: 14/22 MP: 5/5
  1020 | D:2      | Found Huur Nax's Antique Armour Shop.
  1368 | D:2      | 1368 ||| READING scroll of identify.
  1368 | D:2      | 1368 ||| IDENTIFYING puce potion
  1369 | D:2      | 1369 ||| READING scroll labelled CATRIDUASYE.
  1470 | D:2      | 1470 ||| READING scroll labelled VOUTEMEPTA.
  1471 | D:2      | 1471 ||| DROPPING potion of ambrosia.
  1522 | D:3      | 1522 ||| RETREEEEATING.
  1527 | D:3      | 1527 ||| DRINKING fizzy puce potion.
  1528 | D:3      | 1528 ||| DRINKING fuming blue potion.
  1532 | D:3      | 1532 ||| DRINKING lumpy yellow potion.
  1533 | D:3      | 1533 ||| DRINKING blue potion.
  1545 | D:3      | HP: 4/23 [bombardier beetle (3)]
  1546 | D:3      | Incinerated by a bombardier beetle

Levels and vault maps discovered:
D:1:      dpeg_arrival_tiny_c, layout_basic, serial_shops, shop,
          palyth_stone_intersect, minmay_misc_feat_pillars
D:2:      layout_loops_corners, serial_shops, nicolae_shop_back_alley_shop,
          uniq_natasha
D:3:      layout_loops_ring, lemuel_coloured_pillars_altar, okawaru_gym_becter,
          ebering_ghost_rock_garden, grunt_ministairs_9

Skill      XL: |  1  2  3  4 |
---------------+-------------+-----
Dodging        | 3 4 5 |  5.3
Ranged Weapons | 5 |  5.1
Fighting       | |  1.7
Stealth        | |  1.5

Action                     |  1- 3 |  4- 6 || total
---------------------------+-------+-------++-------
   Fire: Shortbow          |   106 |    60 ||   166
    Use: Scroll            |     2 |     3 ||     5
         Potion            |       |     4 ||     4
 Armour: Robe              |    13 |     4 ||    17
  Dodge: Dodged            |    60 |    28 ||    88

Table legend:
 A = Non-vault XP
 B = Vault XP
 C = Vault XP percentage of total XP
 D = Non-vault monster count
 E = Vault monster count
 F = Vault count percentage of total count
                 A         B        C        D         E       F
            +---------+---------+-------+---------+---------+-------
      Total |     202 |      35 |  14.8 |      54 |       1 |   1.8
            +---------+---------+-------+---------+---------+-------
        D:1 |      31 |       0 |   0.0 |      20 |       0 |   0.0
        D:2 |      71 |      35 |  33.0 |      26 |       1 |   3.7
        D:3 |     100 |       0 |   0.0 |       8 |       0 |   0.0
            +---------+---------+-------+---------+---------+-------
